 Dungeon Crawl Stone Soup version 0.25-a0-426-g7d9e569eea (webtiles) character file.

Game seed: 10640709629189600375, levelgen mode: deterministic

64 ReteAZ the Chopper (level 3, 0/46 HPs)
             Began as a Minotaur Berserker on Jan 25, 2020.
             Was a Follower of Trog.
             Succumbed to a kobold's poison
             ... on level 2 of the Dungeon.
             The game lasted 00:01:02 (1081 turns).

ReteAZ the Chopper (Minotaur Berserker)             Turns: 1081, Time: 00:01:02

Health: 0/46       AC:  2    Str: 27    XL:     3   Next: 91%
Magic:  2/2        EV: 12    Int:  9    God:    Trog [*.....]
Gold:   21         SH:  0    Dex:  9    Spells: 2/2 levels left

rFire    . . .     SeeInvis .   a - +0 hand axe
rCold    . . .     Gourm    .   (no shield)
rNeg     . . .     Faith    .   b - +0 animal skin
rPois    .         Spirit   .   (helmet restricted)
rElec    .         Reflect  .   (no cloak)
rCorr    .         Harm     .   (no gloves)
MR       .....                  (no boots)
Stlth    ..........             (no amulet)
HPRegen  0.15/turn              (no ring)
MPRegen  0.08/turn              (no ring)

@: brilliant, berserking, lethally poisoned (0 -> -8), very quick
A: retaliatory headbutt, horns 2
a: Berserk, Renounce Religion


You were on level 2 of the Dungeon.
You worshipped Trog.
Trog was aware of your devotion.
You were hungry.

You visited 1 branch of the dungeon, and saw 2 of its levels.

You collected 21 gold pieces.

Inventory:

Hand Weapons
 a - a +0 hand axe (weapon)
Armour
 b - a +0 animal skin (worn)
Scrolls
 d - 2 scrolls of amnesia {unknown}
 e - a scroll of noise {unknown}
 h - 2 scrolls of identify {unknown}
Potions
 g - a potion of brilliance
Comestibles
 c - 3 rations
 f - a chunk of flesh


   Skills:
 - Level 3.6 Fighting
 + Level 5.9 Axes
 - Level 2.4 Armour
 - Level 2.1 Dodging


You had 2 spell levels left.
You didn't know any spells.
Your spell library was empty.

Dungeon Overview and Level Annotations

Branches:
Dungeon (2/15)

Altars:
Elyvilon
Gozag
Wu Jian

Annotations:
D:2 Natasha


Innate Abilities, Weirdness & Mutations

You reflexively headbutt those who attack you in melee.
You have a pair of horns on your head.


Message History

You see here a poisoned dart.
You feel sick.
You hit Natasha but do no damage.
You feel sick. Natasha claws you.
It was a potion of brilliance.
You feel clever all of a sudden.
* * * LOW HITPOINT WARNING * * *
You feel sick. Natasha claws you.
* * * LOW HITPOINT WARNING * * *
It was a potion of berserk rage.
A red film seems to cover your vision as you go berserk!
You feel yourself moving faster!
You feel mighty!
* * * LOW HITPOINT WARNING * * *
You feel sick.
Natasha casts a spell.
You miss Natasha.
Natasha hisses.
Natasha claws you.
* * * LOW HITPOINT WARNING * * *
You miss Natasha.
You die...

........)).....#
#"..........#
#.........$J#
#....(...((.#
#.[.........#
#...........#
..5....%...#####
##.####..##....
#(@hK†........####
#.####.####...#...#
#.##.....##.....♣..
#.#.......#...#...#
#.#.......#...#####
#....._............
#.#.......#........
#.#.......#........
###.##.....##.#######


You could see Natasha, a shadow imp and a kobold.

Vanquished Creatures
  2 adders (D:2)
  2 oozes (D:1)
  3 dart slugs
  A giant cockroach (D:1)
  3 hobgoblins
  5 kobolds
  A quokka (D:2)
  6 frilled lizards
  3 goblins (D:2)
  8 rats
34 creatures vanquished.

Notes
Turn   | Place    | Note
-------+----------+-------------------------------------------
     0 | D:1      | ReteAZ the Minotaur Berserker began the quest for the Orb.
     0 | D:1      | Reached XP level 1. HP: 19/19 MP: 0/0
    89 | D:1      | Reached skill level 4 in Axes
   111 | D:1      | Reached XP level 2. HP: 24/26 MP: 1/1
   463 | D:1      | Reached skill level 5 in Axes
   727 | D:2      | Found an opulent altar of Gozag.
   762 | D:2      | Reached XP level 3. HP: 31/31 MP: 2/2
   788 | D:2      | Found a white marble altar of Elyvilon.
  1022 | D:2      | Found an ornate altar of the Wu Jian Council.
  1056 | D:2      | Noticed Natasha
  1080 | D:2      | HP: 1/46 [Natasha (6)]
  1081 | D:2      | Succumbed to a kobold's poison

Levels and vault maps discovered:
D:1:      eino_arrival_cavern_c, layout_loops_cross
D:2:      layout_basic, lemuel_crystal_altar, lemuel_coloured_pillars_altar,
          old_standard_altar, elyvilon_altar_1, grunt_gozag_breadcrumbs,
          first_ration, glass_columns_a, minmay_misc_feat_more_columns,
          st_stairs_10, uniq_natasha

Skill      XL: |  1  2 |
---------------+-------+-----
Axes           | 4 5 |  5.9
Fighting       | |  3.6
Armour         | |  2.4
Dodging        | |  2.1

Action                   || total
-------------------------++-------
Melee: Hand axe          ||    75
       Headbutt          ||    12
  Use: Potion            ||     2
Armor: Animal skin       ||    13
Dodge: Dodged            ||    40

Table legend:
 A = Non-vault XP
 B = Vault XP
 C = Vault XP percentage of total XP
 D = Non-vault monster count
 E = Vault monster count
 F = Vault count percentage of total count
                 A         B        C        D         E       F
            +---------+---------+-------+---------+---------+-------
      Total |      90 |       2 |   2.2 |      33 |       1 |   2.9
            +---------+---------+-------+---------+---------+-------
        D:1 |      37 |       0 |   0.0 |      17 |       0 |   0.0
        D:2 |      53 |       2 |   3.6 |      16 |       1 |   5.9
            +---------+---------+-------+---------+---------+-------
